 Dungeon Crawl Stone Soup version 0.30-a0-578-gdee14c521f (webtiles) character file.

Game seed: 6745626332169570974

12266 Newt the Prestidigitator (level 11, -6/81 HPs)
             Began as a Demonspawn Gladiator on Dec 31, 2022.
             Was a Priest of Wu Jian.
             Mangled by a blink frog (10 damage)
             ... on level 2 of the Lair of Beasts.
             The game lasted 00:15:19 (13182 turns).

Newt the Prestidigitator (Demonspawn Gladiator)    Turns: 13182, Time: 00:15:19

Health: -6/81      AC: 21    Str: 27    XL:     11   Next: 60%
Magic:  11/11      EV: 17    Int: 10    God:    Wu Jian [***...]
Gold:   649        SH:  4    Dex: 14    Spells: 10/10 levels left

rFire   . . .      SeeInvis .    I - +1 flail (venom)
rCold   . . .      Faith    .    (no shield)
rNeg    . . .      Spirit   .    r - +1 ring mail "Iken" {Contam Rampage *Corrode Str+8}
rPois   +          Reflect  .    c - +0 helmet
rElec   .          Harm     .    u - +2 cloak {Stlth+}
rCorr   .          Rampage  +    (no gloves)
Will    .....                    (no boots)
Stlth   ++                       (no amulet)
HPRegen 0.33/turn                J - ring of poison resistance
MPRegen 0.12/turn                H - ring of the Tortoise {AC+8}

@: agile
A: molten scales 1, powered by pain 2, condensation shield, demonic touch 2
a: Renounce Religion, Wall Jump, Serpent's Lash


You were on level 2 of the Lair of Beasts.
You worshipped Wu Jian.
Wu Jian was most pleased with you.
You visited 3 branches of the dungeon, and saw 13 of its levels.
You also visited: Sewer.

You collected 649 gold pieces.

Inventory:

Hand Weapons
 a - a +0 rapier
 k - a +4 heavy quarterstaff
 I - a +1 flail of venom (weapon)
Missiles
 d - 5 throwing nets (quivered)
 e - a javelin
 f - 37 poisoned darts
 h - 6 atropa-tipped darts
 p - 10 boomerangs
Armour
 b - a +0 leather armour
 c - a +0 helmet (worn)
 r - the +1 ring mail "Iken" (worn) {Contam Rampage *Corrode Str+8}
   (You found it on level 3 of the Dungeon)

   Str:       It affects your strength (+8).
   Contam:    It causes magical contamination when unequipped.
   *Corrode:  It may corrode you when you take damage.
   Rampage:   It bestows one free step when moving towards enemies.
 u - a +2 cloak of stealth (worn)
 y - the +1 Delatra's gloves {ID++}
   (You found it on level 4 of the Dungeon)

   It heals its wearer when they drink unknown potions.
   It restores its wearer's MP when they read unknown scrolls.
Jewellery
 l - a ring of magical power
 s - a ring of protection from fire
 H - the ring of the Tortoise (right hand) {AC+8}
   (You found it on level 8 of the Dungeon)

   [ring of protection]

   AC:        It affects your AC (+8).
 J - a ring of poison resistance (left hand)
Wands
 q - a wand of polymorph (5)
 E - a wand of flame (14)
 F - a wand of charming (10)
 M - a wand of iceblast (3)
Scrolls
 g - 6 scrolls of teleportation
 i - 2 scrolls of blinking
 v - 2 scrolls of enchant armour
 w - 2 scrolls of fog
 C - a scroll of summoning
 G - a scroll of magic mapping
 K - a scroll of poison
 L - a scroll of brand weapon
 N - a scroll of enchant weapon
 O - a scroll of identify
Potions
 j - a potion of brilliance
 m - a potion of might
 n - a potion of invisibility
 o - a potion of magic
 t - 3 potions of flight
 x - 3 potions of lignification
 z - a potion of mutation {unknown}
 A - 7 potions of curing {unknown}
 B - a potion of heal wounds
 D - 3 potions of resistance


   Skills:
 - Level 6.0 Fighting
 - Level 2.6 Short Blades
 + Level 6.8(8.5) Maces & Flails
 - Level 8.0(9.1) Staves
 - Level 1.7 Throwing
 - Level 6.0 Armour
 - Level 2.6 Dodging
 - Level 2.0 Stealth
 - Level 11.6 Evocations


You had 10 spell levels left.
You didn't know any spells.
Your spell library contained the following spells:

 Spells                   Type           Power      Damage    Failure   Level
 Freeze                   Ice            0%         1d3       47%         1
 Kiss of Death            Conj/Necr      0%         2d5       47%         1
 Summon Small Mammal      Summ           0%         N/A       47%         1
 Blink                    Tloc           0%         N/A       63%         2
 Momentum Strike          Conj/Tloc      0%         3d8       63%         2
 Call Canine Familiar     Summ           0%         N/A       85%         3
 Confusing Touch          Hex            0%         N/A       85%         3
 Dazzling Flash           Conj/Hex       0%         N/A       85%         3
 Frozen Ramparts          Ice            0%         1d1       85%         3
 Hailstorm                Conj/Ice       0%         3d3       85%         3
 Lesser Beckoning         Tloc           0%         N/A       85%         3
 Ozocubu's Armour         Ice            0%         N/A       85%         3
 Portal Projectile        Hex/Tloc       0%         N/A       85%         3
 Summon Guardian Golem    Hex/Summ       0%         N/A       85%         3
 Dispel Undead            Necr           0%         3d6       99%         4
 Iskenderun's Mystic Bla  Conj/Tloc      0%         2d3       99%         4
 Leda's Liquefaction      Hex/Erth       0%         N/A       99%         4
 Metabolic Englaciation   Hex/Ice        0%         N/A       100%        5
 Simulacrum               Ice/Necr       0%         N/A       100%        6
 Starburst                Conj/Fire      0%         6d3       100%        6


Dungeon Overview and Level Annotations

Branches:
Dungeon (10/15)            Temple (1/1) D:6            Lair (2/5) D:9
  Sewer (visited)
  Swamp: Lair:2-3    Shoals: Lair:2-3     Snake: Lair:2-3    Spider: Lair:2-3
    Orc: D:9-12

Altars:
Ashenzari
Cheibriados
Dithmenos
Fedhas
Gozag
Hepliaklqana
Kikubaaqudgha
Makhleb
Nemelex Xobeh
Okawaru
Qazlal
Sif Muna
Trog
Uskayaw
Vehumet
Wu Jian
Xom
Yredelemnul

Shops:
D:8 (

Annotations:
Lair:1 1 runed translucent door, Kuuciris's ghost, journeyman DgGl


Innate Abilities, Weirdness & Mutations

You are partially covered in molten scales. (AC +2)
You sometimes gain power by taking damage.
A meltable shield of frost defends you. (SH +4)
Your touch may inflict irresistible damage on your foes.


Message History

You hit the blink frog.
The blink frog is almost dead.
You kill the blink frog!
The Council accepts your kill. The blink frog hits you.
You block the elephant's attack. x2
The elephant tramples you but does no damage.
The elephant trunk-slaps you but does no damage.
You spin and attack the elephant.
You hit the elephant but do no damage.
The elephant is poisoned.
You spin and attack the elephant.
You hit the elephant but do no damage.
The elephant looks as sick as possible!
The elephant is heavily wounded.
The elephant tramples you!
You hold your ground!
The elephant trunk-slaps you but does no damage.
You block the elephant's attack. The elephant barely misses you.
The blink frog closely misses you.
You spin and attack the elephant.
You hit the elephant.
The elephant looks as sick as possible!
You touch the elephant.
The elephant is severely wounded.
The elephant tramples you but does no damage.
The elephant barely misses you.
You spin and attack the elephant.
You thump the elephant!
The elephant looks as sick as possible!
You touch the elephant!
The elephant is almost dead.
The elephant tramples you!
You hold your ground!
You block the elephant's attack.
There is a stone staircase leading up, spattered with blood here.
The elephant tramples you.
You hold your ground!
You block the elephant's attack. The elephant tramples you!
* * * LOW HITPOINT WARNING * * *
You focus on the pain.
You feel agile all of a sudden.
You stumble backwards!
You stop ascending the stairs.
The elephant tramples you!
* * * LOW HITPOINT WARNING * * *
You stumble backwards!
You spin and attack the blink frog.
You hit the blink frog.
The blink frog is poisoned.
You touch the blink frog!
The blink frog is heavily wounded.
The blink frog hits you!
You die...

.[................
#.#...........
#..........>.
##...$..#.P...
#......#.....
##............ $
######.......P.....
..####P.#.##......#.....
..............@.........
.[.........YYF...†.#...
..........<.............
..........Y.............
........................
########P.#P##.####.##.P
######### ## #


You could see 3 elephants and a blink frog (very poisoned).

Vanquished Creatures
  Harold (D:9)
  Erica (Lair:1)
  A deep elf pyromancer (D:8)
  An elephant (Lair:1)
  2 black mambas (Lair:1)
  A cane toad (Lair:1)
  A komodo dragon (Lair:2)
  An unseen horror (D:10)
  A rime drake (Lair:1)
  Prince Ribbit (D:7)
  2 blink frogs (Lair:2)
  3 hornets
  A wyvern (D:8)
  19 yaks
  A steam dragon (D:9)
  2 vampire mosquitoes (D:9)
  2 water moccasins
  An acid dragon (D:9)
  2 orc warriors
  3 sky beasts
  An ice beast (D:6)
  3 wolves (Lair:1)
  2 centaurs
  A phantom (D:6)
  6 bullfrogs
  5 kobold brigands
  2 necrophages
  2 scorpions
  16 killer bees
  3 howler monkeys
  4 hounds
  3 jellies
  6 orc priests
  3 iguanas
  11 orc wizards
  15 adders
  3 river rats (Sewer)
  5 gnolls
  2 white imps (D:7)
  8 worms
  4 dart slugs
  28 orcs
  6 endoplasms
  2 giant cockroaches
  6 goblins
  8 hobgoblins
  10 jackals
  5 quokkas
  14 ball pythons
  2 bats
  6 frilled lizards
  26 kobolds
  12 rats
277 creatures vanquished.

Vanquished Creatures (collateral kills)
  2 orcs (D:6)
2 creatures vanquished.

Vanquished Creatures (others)
  A sky beast (D:6)
  23 fungi
  22 plants (D:9)
46 creatures vanquished.

Grand Total: 325 creatures vanquished

Notes
Turn   | Place    | Note
-------+----------+-------------------------------------------
     0 | D:1      | Newt the Demonspawn Gladiator began the quest for the Orb.
     0 | D:1      | Reached XP level 1. HP: 16/16 MP: 1/1
   161 | D:1      | Reached skill level 1 in Stealth
   240 | D:1      | Gained mutation: A meltable shield of frost defends you.
                  | (SH +4) [demonic ancestry]
   240 | D:1      | Reached XP level 2. HP: 22/22 MP: 2/2
   449 | D:1      | Gained mutation: You sometimes gain a little power by
                  | taking damage. [demonic ancestry]
   449 | D:1      | Reached XP level 3. HP: 28/28 MP: 3/3
  1052 | D:2      | Found a faded altar of an unknown god.
  1355 | D:2      | Gained mutation: You sometimes gain power by taking damage.
                  | [demonic ancestry]
  1355 | D:2      | Reached XP level 4. HP: 33/37 MP: 4/4
  1433 | D:2      | Reached skill level 1 in Staves
  1788 | D:3      | Reached XP level 5. HP: 23/42 MP: 5/5
  2023 | D:3      | Identified the +1 ring mail "Iken" {Contam Rampage *Corrode
                  | Str+8}
  3033 | D:4      | Gained mutation: Your touch may inflict minor irresistible
                  | damage on your foes. [demonic ancestry]
  3033 | D:4      | Reached XP level 6. HP: 48/48 MP: 6/6
  3064 | D:4      | Reached skill level 1 in Armour
  3069 | D:4      | Found a glowing drain.
  3079 | Sewer    | Entered a sewer
  3460 | Sewer    | Reached XP level 7. HP: 50/54 MP: 7/7
  3943 | D:4      | Found the +1 Delatra's gloves {ID++}
  4421 | D:5      | Entered Level 5 of the Dungeon
  4733 | D:5      | Reached skill level 5 in Staves
  4872 | D:6      | Found a staircase to the Ecumenical Temple.
  4890 | Temple   | Entered the Ecumenical Temple
  4935 | Temple   | Became a worshipper of the Wu Jian Council
  5763 | D:6      | Gained mutation: You are partially covered in molten
                  | scales. (AC +2) [demonic ancestry]
  5763 | D:6      | Reached XP level 8. HP: 50/60 MP: 8/8
  6035 | D:6      | Reached * piety under Wu Jian
  6434 | D:7      | Reached skill level 5 in Armour
  6437 | D:7      | HP: 4/90 [killer bee (4)]
  6443 | D:7      | HP: 4/90 [killer bee (4)]
  6448 | D:7      | HP: 3/90 [killer bee (2)]
  6941 | D:7      | Reached XP level 9. HP: 59/65 MP: 9/9
  7004 | D:7      | Found a radiant altar of Vehumet.
  7742 | D:8      | Noticed Prince Ribbit
  8105 | D:7      | Reached skill level 5 in Fighting
  8345 | D:7      | Killed Prince Ribbit
  8355 | D:7      | Reached skill level 1 in Evocations
  8603 | D:8      | Found the ring of the Tortoise {AC+8}
  8621 | D:8      | You fall into a shaft and drop 2 floors!
  8621 | D:10     | Entered Level 10 of the Dungeon
  8650 | D:10     | Reached skill level 3 in Evocations
  8689 | D:10     | Reached skill level 4 in Evocations
  8703 | D:10     | Noticed a two-headed ogre
  8714 | D:10     | Found a hazy altar of Hepliaklqana.
  8822 | D:10     | Reached skill level 5 in Evocations
  8907 | D:10     | Killed an unseen horror
  8929 | D:10     | Reached skill level 6 in Evocations
  8932 | D:10     | Reached ** piety under Wu Jian
  8961 | D:9      | Gained mutation: Your touch may inflict irresistible damage
                  | on your foes. [demonic ancestry]
  8961 | D:9      | Reached XP level 10. HP: 29/76 MP: 10/10
  8962 | D:9      | Reached skill level 7 in Evocations
  9108 | D:9      | Noticed Harold
  9116 | D:9      | Killed Harold
  9117 | D:9      | Reached skill level 8 in Evocations
  9649 | D:9      | Reached skill level 9 in Evocations
 10243 | D:8      | Reached skill level 10 in Evocations
 10264 | D:8      | Noticed a deep elf pyromancer
 10660 | D:8      | Killed a deep elf pyromancer
 10661 | D:8      | Reached skill level 11 in Evocations
 10834 | D:8      | Found an iron altar of Okawaru.
 10863 | D:8      | Found Vipeones's Weapon Shoppe.
 10972 | D:8      | Found an opulent altar of Gozag.
 11182 | D:9      | Reached *** piety under Wu Jian
 11183 | D:9      | Reached XP level 11. HP: 52/81 MP: 11/11
 11435 | D:9      | Found a staircase to the Lair.
 11614 | D:10     | Reached skill level 1 in Maces & Flails
 11669 | Lair:1   | Entered Level 1 of the Lair of Beasts
 11860 | Lair:1   | Noticed Erica
 11866 | Lair:1   | Killed Erica
 12279 | Lair:1   | Reached skill level 5 in Maces & Flails
 12777 | Lair:1   | Found a runed translucent door.
 12777 | Lair:1   | Found a shimmering altar of Xom.
 12777 | Lair:1   | Noticed Kuuciris's ghost (journeyman DgGl)
 12778 | Lair:1   | Noticed a +0 war axe of chaos
 13180 | Lair:2   | HP: 4/81 [elephant (9)]
 13182 | Lair:2   | Mangled by a blink frog

Illustrated notes

Levels and vault maps discovered:
D:1:      wander_arrival_peaceful_grave, layout_basic
D:2:      layout_loops_ring, nicolae_ecumenical_oubliette, minmay_quadrilaterals
D:3:      layout_loops_cross
D:4:      layout_basic, cheibrodos_sewer_entry_bend, minivault_14
D:5:      layout_basic
D:6:      minmay_spotlight, layout_gridville,
          minmay_temple_entry_drinking_statues, kennysheep_small_circle
D:7:      layout_layer_cave, overflow_temple_1_default, fiery_altar_vehumet
D:8:      layout_cave_pools, okawaru_gym_becter,
          mainiacjoe_overflow_catwalk_spiral, serial_shops,
          nicolae_shop_bloodbath_and_beyond,
          nicolae_concentric_dashed_squares_mild, uniq_prince_ribbit1
D:9:      layout_basic, grunt_lair_entry_orc_guard_hut, uniq_harold
D:10:     layout_big_octagon, nicolae_ru_the_path_less_chosen,
          mainiacjoe_overflow_cross_hatched
Temple:   hellmonk_temple_of_storms
Lair:1:   layout_roguey, ebering_ghost_xom, infiniplex_staircase_pool_2,
          uniq_erica
Lair:2:   layout_chaotic_city, elwin_shoals_entry_rooms,
          minmay_snake_entry_guardpost_small, minivault_11

Skill      XL: |  1  2  3  4  5  6  7  8  9 10 11 |
---------------+----------------------------------+-----
Stealth        | 1 2 |  2.0
Fighting       | 3 4 6 |  6.0
Staves         | 2 3 4 6 8 |  8.0
Armour         | 3 4 5 6 |  6.0
Evocations     | 6 11 | 11.6
Maces & Flails | 6 |  6.8
Short Blades   | |  2.6
Throwing       | |  1.7
Dodging        | |  2.6

Action                   |  1- 3 |  4- 6 |  7- 9 | 10-12 || total
-------------------------+-------+-------+-------+-------++-------
Melee: Rapier            |   125 |       |       |       ||   125
       Punch             |     4 |       |       |     1 ||     5
       Quarterstaff      |    28 |   144 |   285 |   121 ||   578
       Flail             |       |       |       |   197 ||   197
       Touch             |       |       |       |    40 ||    40
Throw: Boomerang         |       |     4 |       |       ||     4
       Javelin           |       |     1 |       |       ||     1
Invok: Whirlwind         |       |       |     9 |    11 ||    20
 Abil: Wall Jump         |       |       |       |     1 ||     1
Evoke: Wand              |       |       |       |     2 ||     2
  Use: Scroll            |     2 |     7 |     9 |     4 ||    22
       Potion            |     1 |     1 |     7 |       ||     9
 Stab: Sleeping          |     5 |     7 |     4 |     3 ||    19
       Distracted        |       |       |       |     1 ||     1
Armor: Leather armour    |    40 |    21 |       |       ||    61
       Ring mail         |       |    19 |   257 |   220 ||   496
       Skin              |       |       |   105 |       ||   105
Dodge: Dodged            |   100 |   114 |   243 |   238 ||   695
Block: Other             |    18 |    24 |    75 |    79 ||   196

Table legend: (Time is in decaauts)
 A = Elapsed time spent in this place.
 B = Non-inter-level travel time spent in this place.
 C = Inter-level travel time spent in this place.
 D = Time resting spent in this place.
 E = Time spent auto-exploring this place.
 F = Levels seen in this place.
 G = Mean time per level.
                   A        B        C        D        E       F      G
               +--------+--------+--------+--------+--------+-----+--------+
         Total |  13708 |  13209 |    499 |   3622 |   7092 |  14 |  979.1 |
       Dungeon |  11118 |  10670 |    448 |   3388 |   5293 |  10 | 1111.8 |
        Temple |     63 |     34 |     29 |      0 |     22 |   1 |   63.0 |
          Lair |   1555 |   1534 |     21 |     86 |   1235 |   2 |  777.5 |
         Sewer |    970 |    970 |      0 |    148 |    542 |   1 |  970.0 |
               +--------+--------+--------+--------+--------+-----+--------+

Top non-repeatable levels by time:
     D:7: 2626 daAuts
  Lair:1: 1471 daAuts
     D:9: 1375 daAuts
     D:3: 1219 daAuts
     D:8: 1079 daAuts
     D:6: 1071 daAuts
   Sewer: 970 daAuts
     D:1: 960 daAuts
     D:2: 875 daAuts
     D:5: 811 daAuts
     D:4: 740 daAuts
    D:10: 358 daAuts
  Lair:2: 84 daAuts
  Temple: 63 daAuts
